[Event "Titled Tuesday Blitz July 18 Late 2023"]
[White "Willy, Stephen"]
[Black "Petesch, Gabriel"]
[WhiteFideId "30981468"]
[BlackFideId "2032465"]
[WhiteElo "2388"]
[BlackElo "2554"]
[Result "1/2-1/2"]
[Round "3"]
[TimeControl "180+2"]
[Date "2023.07.18"]
[WhiteClock "0:00:08"]
[BlackClock "0:00:07"]
[Board "106"]

1. e4 c6 2. d4 d5 3. f3 dxe4 4. fxe4 e5 5. Nf3 exd4 6. Bc4 Be7 7. O-O Nf6 8. e5 Nd5 9. Qxd4 Be6 10. Nc3 Nd7 11. Ne4 Qb6 12. c3 Nxc3 13. Qxb6 Nxb6 14. Bxe6 Nxe4 15. Bxf7+ Kxf7 16. Ng5+ Kg6 17. Nxe4 Rad8 18. Bd2 Rd4 19. Rae1 Nd5 20. Rf3 h6 21. Bc1 Re8 22. Ng3 Bc5 23. Kh1 Rc4 24. Nf5 Rxe5 25. Ref1 Rxc1 26. Rxc1 Bb6 27. Rcf1 Kh7 28. h4 Nf6 29. Nxg7 Ne4 30. Nf5 h5 31. Ne3 Bxe3 32. Rxe3 Nf2+ 33. Rxf2 Rxe3 34. Rf7+ Kg6 35. Rxb7 a5 36. Rb6 Re2 37. Rxc6+ Kf5 38. Rc5+ Kg4 39. Rg5+ Kxh4 40. Rxa5 Rxb2 41. Kh2 Kg4 42. Ra4+ Kg5 43. Kh3 Rb1 44. g3 Rh1+ 45. Kg2 Ra1 46. Kf3 Rf1+ 47. Kg2 Ra1 48. Ra5+ Kg4 49. Ra4+ Kg5 1/2-1/2


[Site "https://www.chess.com"]

[Event "Titled Tuesday Blitz July 18 Late 2023"]
[White "Ezat, Mohamed"]
[Black "Topalov, Aleksandar"]
[WhiteFideId "10600906"]
[BlackFideId "925659"]
[WhiteElo "2549"]
[BlackElo "2384"]
[Result "1-0"]
[Round "3"]
[TimeControl "180+2"]
[Date "2023.07.18"]
[WhiteClock "0:00:50"]
[BlackClock "0:00:00"]
[Board "107"]

1. d4 Nf6 2. c4 c5 3. d5 d6 4. Nc3 g6 5. e4 Bg7 6. Be2 O-O 7. Bg5 h6 8. Bf4 e6 9. Qd2 exd5 10. exd5 Kh7 11. Nf3 a6 12. a4 Re8 13. O-O Bg4 14. h3 Bxf3 15. Bxf3 Qc7 16. Qc2 Nbd7 17. Be2 Kg8 18. Bh2 Re7 19. f4 Rae8 20. Bd3 Nf8 21. Kh1 Qd7 22. a5 Nh5 23. Rab1 Bd4 24. Ne4 f5 25. Nd2 Re3 26. Nf3 Bf6 27. Rbe1 Rxe1 28. Nxe1 Re3 29. Nf3 Qe7 30. g4 fxg4 31. hxg4 Ng7 32. Bxg6 Re2 33. Qb1 Nxg6 34. Qxg6 Qe4 35. Qxf6 Re3 36. Kg2 Re2+ 37. Rf2 Re3 38. Qd8+ Kh7 39. Qxd6 1-0


[Site "https://www.chess.com"]

[Event "Titled Tuesday Blitz July 18 Late 2023"]
[White "Jorajuria Mendoza, Algol"]
[Black "Jessel, Stephen"]
[WhiteFideId "5128897"]
[BlackFideId "628859"]
[WhiteElo "2384"]
[BlackElo "2548"]
[Result "1-0"]
[Round "3"]
[TimeControl "180+2"]
[Date "2023.07.18"]
[WhiteClock "0:00:21"]
[BlackClock "0:00:00"]
[Board "108"]

1. e4 e6 2. d4 d5 3. Nd2 Nf6 4. e5 Nfd7 5. f4 c5 6. c3 Nc6 7. Ndf3 cxd4 8. cxd4 a5 9. Bd3 a4 10. Ne2 Nb6 11. O-O Be7 12. g4 h5 13. h3 Nc4 14. Rb1 Qb6 15. b3 axb3 16. axb3 Na3 17. Ra1 hxg4 18. hxg4 Bd7 19. Kg2 Ra5 20. b4 Bxb4 21. Qb3 Nc4 22. Rb1 Qa6 23. Kg3 b5 24. f5 Ra2 25. Bb2 Qa4 26. Bxc4 bxc4 27. Qe3 exf5 28. Ng5 Qc2 29. Rh1 Rxh1 30. Rxh1 Bd2 31. Rh8+ Ke7 32. Ba3+ 1-0


[Site "https://www.chess.com"]

[Event "Titled Tuesday Blitz July 18 Late 2023"]
[White "Gerbelli Neto, Eduardo"]
[Black "Mekhane, Adam"]
[WhiteFideId "2103281"]
[BlackFideId "36050601"]
[WhiteElo "2370"]
[BlackElo "2545"]
[Result "0-1"]
[Round "3"]
[TimeControl "180+2"]
[Date "2023.07.18"]
[WhiteClock "0:00:27"]
[BlackClock "0:00:10"]
[Board "109"]

1. e4 c5 2. Nc3 g6 3. f4 Bg7 4. Nf3 Nc6 5. Bc4 d6 6. O-O e6 7. d3 Nge7 8. Bb3 Nd4 9. Qe1 Nec6 10. f5 Nxf3+ 11. Rxf3 Ne5 12. Rf1 exf5 13. exf5 Bxf5 14. Rxf5 gxf5 15. Qg3 Ng6 16. Nd5 Be5 17. Qf3 O-O 18. Qxf5 Qh4 19. g3 Qd8 20. Bg5 Qc8 21. Qf3 Qh3 22. Rf1 Rae8 23. Bf6 Re6 24. Bxe5 Nxe5 25. Nf6+ Kh8 26. Qf4 Ng6 27. Qf2 Qh6 28. Bxe6 fxe6 29. Qe2 e5 30. Ng4 Qg7 31. Rxf8+ Qxf8 32. Ne3 Kg7 33. Nd5 Qf5 34. Qe4 Qxe4 35. dxe4 Kf7 36. Kf2 Ne7 37. Ke3 Nxd5+ 38. exd5 Kf6 39. Ke4 Kg5 40. h3 h5 41. c3 b5 42. b4 c4 43. a3 a6 44. Ke3 Kf5 45. Kf3 e4+ 46. Ke3 Ke5 47. g4 hxg4 48. hxg4 Kxd5 49. g5 Ke5 50. g6 Kf6 51. Kxe4 Kxg6 52. Kd5 Kf5 53. Kxd6 Ke4 54. Kc6 Kd3 55. Kb6 Kxc3 56. Kxa6 Kb3 57. Kxb5 c3 58. a4 c2 59. a5 c1=Q 60. a6 Qh1 61. Ka5 Qa8 62. b5 Kc4 63. b6 Qd5+ 64. Ka4 Qb5+ 65. Ka3 Qb3# 0-1


[Site "https://www.chess.com"]

[Event "Titled Tuesday Blitz July 18 Late 2023"]
[White "Goffredo_Fofi"]
[Black "Villarreal, Agustin"]
[BlackFideId "125687"]
[WhiteElo "2542"]
[BlackElo "2368"]
[Result "0-1"]
[Round "3"]
[TimeControl "180+2"]
[Date "2023.07.18"]
[WhiteClock "0:00:00"]
[BlackClock "0:00:16"]
[Board "110"]

1. d4 Nf6 2. c3 d5 3. Bg5 Ne4 4. Bf4 Nd7 5. Nd2 Ndf6 6. f3 Nxd2 7. Qxd2 c5 8. dxc5 e6 9. b4 a5 10. Rb1 b6 11. c6 axb4 12. cxb4 b5 13. e4 Qb6 14. e5 Ng8 15. Rc1 Ra4 16. Be3 Qa6 17. a3 Rxa3 18. Kf2 Ra2 19. Rc2 Rxc2 20. Qxc2 Bxb4 21. Nh3 Ne7 22. c7 O-O 23. Ng5 g6 24. Bd3 Nf5 25. Bxf5 exf5 26. Rb1 Be7 27. Nh3 f4 28. Nxf4 Bf5 29. Nd3 b4 30. Rb3 Qc4 31. Qb1 Qxc7 32. g4 Bxd3 33. Qxd3 Qxe5 34. Kg2 Ra8 35. Qb1 Ra1 36. Qc2 d4 37. Bf2 Ra3 38. Rb1 Qd5 39. Qc8+ Kg7 0-1


[Site "https://www.chess.com"]

[Event "Titled Tuesday Blitz July 18 Late 2023"]
[White "Risteski, Emil"]
[Black "Bogaudinov, Rushan"]
[WhiteFideId "15005267"]
[BlackFideId "4129288"]
[WhiteElo "2542"]
[BlackElo "2364"]
[Result "1-0"]
[Round "3"]
[TimeControl "180+2"]
[Date "2023.07.18"]
[WhiteClock "0:00:20"]
[BlackClock "0:00:00"]
[Board "111"]

1. c4 e5 2. Nc3 Nf6 3. Nf3 Bb4 4. Qb3 Nc6 5. a3 Bxc3 6. Qxc3 d6 7. b4 O-O 8. Bb2 a5 9. b5 Ne7 10. d3 b6 11. e3 Bb7 12. Be2 Ng6 13. h4 h6 14. h5 Ne7 15. d4 exd4 16. Nxd4 Ne4 17. Qc2 Re8 18. Bf3 d5 19. Bxe4 dxe4 20. g4 Qd6 21. O-O-O Qc5 22. g5 hxg5 23. h6 Ng6 24. hxg7 f6 25. Nb3 Qe7 26. Nd4 Qc5 27. Nb3 Qe7 28. Kb1 Rad8 29. Nd4 Qc5 30. f4 Rxd4 31. exd4 Qf5 32. fxg5 fxg5 33. Rdf1 Qe6 34. d5 Qe7 35. Rh8+ 1-0


[Site "https://www.chess.com"]

[Event "Titled Tuesday Blitz July 18 Late 2023"]
[White "Tikhonov, Viacheslav"]
[Black "Figorito, Nick"]
[WhiteFideId "44196407"]
[BlackFideId "30923689"]
[WhiteElo "2542"]
[BlackElo "2361"]
[Result "1-0"]
[Round "3"]
[TimeControl "180+2"]
[Date "2023.07.18"]
[WhiteClock "0:00:46"]
[BlackClock "0:00:02"]
[Board "112"]

1. d4 Nf6 2. c4 g6 3. Nc3 d5 4. cxd5 Nxd5 5. e4 Nxc3 6. bxc3 Bg7 7. Bb5+ Bd7 8. Rb1 O-O 9. Nf3 c5 10. O-O cxd4 11. cxd4 Bg4 12. Be2 b6 13. d5 Nd7 14. Bb2 Bxb2 15. Rxb2 Nc5 16. Nd4 Bxe2 17. Qxe2 Qd6 18. Nc6 e6 19. e5 Qd7 20. Rd1 Rfe8 21. Rbd2 exd5 22. Nb4 Qf5 23. Rxd5 Ne4 24. Qb2 Nc5 25. h3 Rac8 26. Qd4 Ne6 27. Qh4 a5 28. Nd3 Rcd8 29. Rd6 Rb8 30. Qg4 Qxg4 31. hxg4 Nc5 32. f4 Ne4 33. Rc6 Rec8 34. Rdc1 Rd8 35. Nb2 Nc5 36. Nc4 Nd3 37. Rf1 Rd4 38. f5 b5 39. Nxa5 Nxe5 40. Rc7 Nxg4 41. Nc6 Rdd8 42. fxg6 hxg6 43. Nxb8 Rxb8 44. Rfxf7 Ne5 45. Rg7+ Kf8 46. Rh7 Kg8 47. Rcg7+ Kf8 48. Rh8+ Kxg7 49. Rxb8 1-0


[Site "https://www.chess.com"]

[Event "Titled Tuesday Blitz July 18 Late 2023"]
[White "Storn, Justin"]
[Black "Koc, Przemyslaw"]
[WhiteFideId "30922720"]
[BlackFideId "1109081"]
[WhiteElo "2361"]
[BlackElo "2541"]
[Result "1-0"]
[Round "3"]
[TimeControl "180+2"]
[Date "2023.07.18"]
[WhiteClock "0:01:34"]
[BlackClock "0:01:51"]
[Board "113"]

1. d4 d6 2. c4 e5 3. Nf3 e4 4. Ng5 f5 5. h4 Nf6 6. Nc3 c6 7. d5 h6 8. Nh3 Nbd7 9. Nf4 Ne5 10. e3 g6 11. b3 c5 12. Bb2 Bg7 13. Nce2 O-O 14. Bxe5 dxe5 15. Nxg6 Re8 16. Nc3 h5 17. Be2 Ng4 18. d6 Kh7 19. Ne7 Be6 20. Bxg4 hxg4 21. f3 gxf3 22. gxf3 exf3 23. Qxf3 e4 24. Qh5+ Bh6 25. Qg6+ 1-0


[Site "https://www.chess.com"]

[Event "Titled Tuesday Blitz July 18 Late 2023"]
[White "vishwa_vijeta"]
[Black "Prieto Aranguren, Alain"]
[BlackFideId "2268906"]
[WhiteElo "2539"]
[BlackElo "2360"]
[Result "0-1"]
[Round "3"]
[TimeControl "180+2"]
[Date "2023.07.18"]
[WhiteClock "0:00:51"]
[BlackClock "0:01:42"]
[Board "114"]

1. e4 c5 2. Nf3 Nc6 3. d4 cxd4 4. Nxd4 Nf6 5. Nc3 e5 6. Ndb5 d6 7. Bg5 a6 8. Na3 b5 9. Bxf6 gxf6 10. Nd5 f5 11. Bd3 Be6 12. c3 Bxd5 13. exd5 Ne7 14. Nxb5 Bg7 15. Na3 e4 16. Bc2 Rb8 17. Ba4+ Kf8 18. Bb3 Ng6 19. O-O Be5 20. Nc4 Qh4 21. g3 Qh3 22. Nxe5 Nf4 23. Ng6+ hxg6 0-1


[Site "https://www.chess.com"]

[Event "Titled Tuesday Blitz July 18 Late 2023"]
[White "ExchangeAB"]
[Black "Schekachikhin, Maksim"]
[BlackFideId "24177830"]
[WhiteElo "2354"]
[BlackElo "2535"]
[Result "1/2-1/2"]
[Round "3"]
[TimeControl "180+2"]
[Date "2023.07.18"]
[WhiteClock "0:00:24"]
[BlackClock "0:00:14"]
[Board "115"]

1. d4 Nf6 2. Nc3 e6 3. e4 d5 4. e5 Nfd7 5. f4 c5 6. Nf3 Be7 7. Be3 b6 8. Qd2 O-O 9. Bd3 Ba6 10. O-O Bxd3 11. cxd3 Nc6 12. a3 cxd4 13. Nxd4 Nxd4 14. Bxd4 Bc5 15. Bxc5 bxc5 16. d4 Rb8 17. f5 cxd4 18. Qxd4 Qb6 19. Qxb6 Rxb6 20. Na4 Ra6 21. Nc3 Nxe5 22. fxe6 fxe6 23. Rfe1 Nd3 24. Re2 Rc6 25. h3 Rb8 26. Na4 e5 27. b4 e4 28. Rd1 a5 29. Nb2 axb4 30. Nxd3 exd3 31. Rxd3 b3 32. Rb2 Rc1+ 33. Kh2 Rc2 34. Rbxb3 Rxb3 35. Rxb3 Kf7 36. Kg3 Ke6 37. Kf3 Ke5 38. a4 Ra2 39. Rb7 Ra3+ 40. Kf2 g5 41. Rxh7 Rxa4 42. Rg7 Kf5 43. Rd7 d4 44. Rd8 Ke4 45. Re8+ Kd3 46. Kg3 Kc3 47. Kg4 Ra5 48. Rc8+ Kd2 49. Rd8 d3 50. g3 Ke2 51. h4 gxh4 52. gxh4 d2 53. h5 d1=Q 54. Rxd1 Kxd1 55. h6 Ke2 56. h7 Ra8 57. Kg5 Kf3 58. Kg6 Kf4 59. Kg7 Kg5 60. h8=Q Ra7+ 61. Kg8 Ra8+ 62. Kg7 Rxh8 63. Kxh8 1/2-1/2


[Site "https://www.chess.com"]

[Event "Titled Tuesday Blitz July 18 Late 2023"]
[White "Shubenkova, Veronika"]
[Black "Shapiro, Daniel"]
[WhiteFideId "44124040"]
[BlackFideId "2001780"]
[WhiteElo "2532"]
[BlackElo "2353"]
[Result "0-1"]
[Round "3"]
[TimeControl "180+2"]
[Date "2023.07.18"]
[WhiteClock "0:00:38"]
[BlackClock "0:00:04"]
[Board "116"]

1. e4 c5 2. Nc3 a6 3. g3 b5 4. Bg2 Bb7 5. d3 e6 6. f4 d5 7. e5 h5 8. h4 g6 9. Nf3 Nh6 10. O-O Nf5 11. Qe1 Nd7 12. Nd1 d4 13. Kh2 Nb6 14. a3 a5 15. b3 Nd5 16. c4 dxc3 17. Nxc3 Nxc3 18. Qxc3 Be7 19. Rf2 O-O 20. Ne1 Bxg2 21. Nxg2 Qd5 22. Ne3 Qd4 23. Qxd4 Nxd4 24. Rb1 Rfd8 25. Kh3 Ra7 26. g4 hxg4+ 27. Nxg4 Nf5 28. Rf3 Nxh4 29. Rg3 Nf5 30. Rf3 Rad7 31. Nf2 Bh4 32. Ne4 Rxd3 33. Kg2 Rxf3 34. Kxf3 Be7 35. Bd2 Rd3+ 36. Ke2 Rd4 37. Nf6+ Bxf6 38. exf6 b4 39. axb4 axb4 40. Ra1 c4 41. Bxb4 cxb3 42. Bc3 Rxf4 43. Ra8+ Kh7 44. Rb8 Nd4+ 45. Ke3 e5 46. Rb7 Rxf6 47. Ke4 Rf5 48. Bxd4 exd4 49. Rxb3 Kg7 50. Kxd4 Rf4+ 51. Ke5 g5 52. Rg3 Kg6 53. Rg1 f6+ 54. Ke6 Rf2 55. Re1 g4 56. Kd5 Kg5 57. Ke4 f5+ 58. Ke3 g3 59. Rg1 f4+ 60. Kd3 Kg4 61. Rb1 f3 62. Ke3 Re2+ 63. Kd3 Re7 64. Rb8 f2 65. Rg8+ Kf3 66. Rf8+ Kg2 0-1


[Site "https://www.chess.com"]

[Event "Titled Tuesday Blitz July 18 Late 2023"]
[White "Santos Flores, Alberto"]
[Black "Avalos Parra, Joao"]
[WhiteFideId "3601234"]
[BlackFideId "3402541"]
[WhiteElo "2532"]
[BlackElo "2345"]
[Result "0-1"]
[Round "3"]
[TimeControl "180+2"]
[Date "2023.07.18"]
[WhiteClock "0:00:05"]
[BlackClock "0:00:14"]
[Board "117"]

1. e4 e5 2. Nf3 Nc6 3. Bc4 Bc5 4. c3 Nf6 5. d3 O-O 6. O-O d6 7. h3 a5 8. Re1 Ba7 9. Bg5 Be6 10. Bb5 h6 11. Bh4 Nb8 12. Nbd2 c6 13. Ba4 Nbd7 14. Nf1 Qc7 15. d4 Rfe8 16. Bc2 Nh7 17. Ne3 Ndf8 18. Bg3 Ng6 19. Nf5 Rad8 20. h4 exd4 21. cxd4 Ne7 22. Nxe7+ Rxe7 23. Qd3 Bg4 24. e5 Nf8 25. exd6 Rxe1+ 26. Rxe1 Qd7 27. Ne5 Qc8 28. Nxg4 Qxg4 29. Re4 Qg6 30. Be5 Bb8 31. Qe2 f6 32. Rg4 Qe8 33. Qd2 fxe5 34. Qxh6 Qd7 35. Rg3 Ne6 36. Qh7+ Kf8 37. Qh8+ Kf7 38. Bg6+ Kf6 39. Rf3+ Nf4 40. Qh5 Qxd6 41. Qg5+ Ke6 42. dxe5 Qxe5 43. Qxf4 Qxf4 44. Rxf4 Bxf4 45. g3 Rd1+ 46. Kg2 Be5 47. Be4 Rd2 48. b3 Rxa2 49. h5 Rb2 50. g4 Bd4 51. g5 Rxf2+ 52. Kg3 Re2 53. Bg6 Re3+ 54. Kg4 Rxb3 55. h6 gxh6 56. gxh6 Ke7 57. h7 Bh8 0-1


[Site "https://www.chess.com"]

[Event "Titled Tuesday Blitz July 18 Late 2023"]
[White "Marosi, Levente"]
[Black "Alain_Otero"]
[WhiteFideId "747181"]
[WhiteElo "2531"]
[BlackElo "2343"]
[Result "1-0"]
[Round "3"]
[TimeControl "180+2"]
[Date "2023.07.18"]
[WhiteClock "0:00:13"]
[BlackClock "0:00:00"]
[Board "118"]

1. e4 e5 2. Nf3 Nc6 3. d4 exd4 4. Nxd4 Nf6 5. Nxc6 bxc6 6. e5 Qe7 7. Qe2 Nd5 8. c4 Nb6 9. Nc3 g6 10. Ne4 Bg7 11. Bg5 Qxe5 12. Bf6 Qa5+ 13. Nc3+ Kf8 14. Qe7+ Kg8 15. Qe8+ Bf8 16. Bxh8 Ba6 17. Qe5 Qxe5+ 18. Bxe5 Re8 19. f4 f6 20. c5 Bxf1 21. Kxf1 Bxc5 22. Bxc7 Nc4 23. g3 Nxb2 24. Re1 Rc8 25. Ba5 Nc4 26. Ne4 Bd4 27. Bc3 Bxc3 28. Nxc3 Kf7 29. Kf2 d5 30. Rb1 Nd6 31. Rhd1 Re8 32. Re1 Rc8 33. Na4 Ne4+ 34. Rxe4 dxe4 35. Ke3 f5 36. Nc5 Rc7 37. Rb7 Rxb7 38. Nxb7 Ke6 39. Nc5+ Kd6 40. Nb3 c5 41. Nd2 Kd5 42. h3 h5 43. h4 a6 44. a3 a5 45. a4 c4 46. Nb1 Kc5 47. Nc3 Kb4 48. Kd4 e3 49. Nd5+ Kxa4 50. Nxe3 Kb3 51. Nxc4 a4 52. Kd5 a3 53. Nxa3 Kxa3 54. Ke5 Kb3 55. Kf6 Kc3 56. Kxg6 1-0


[Site "https://www.chess.com"]

[Event "Titled Tuesday Blitz July 18 Late 2023"]
[White "Rangel, Daniel"]
[Black "Garmendiarov"]
[WhiteFideId "2124475"]
[WhiteElo "2530"]
[BlackElo "2310"]
[Result "1-0"]
[Round "3"]
[TimeControl "180+2"]
[Date "2023.07.18"]
[WhiteClock "0:00:10"]
[BlackClock "0:00:00"]
[Board "119"]

1. c4 g6 2. g3 Bg7 3. Bg2 c5 4. Nc3 Nf6 5. b3 O-O 6. Bb2 Nc6 7. e3 e6 8. Nge2 d5 9. cxd5 Nxd5 10. O-O Nxc3 11. Bxc3 Qe7 12. Bxg7 Kxg7 13. Rc1 Bd7 14. Qc2 b6 15. Nc3 Rac8 16. Ne4 f5 17. Qb2+ e5 18. Nc3 Be6 19. f4 Qf6 20. a3 Rfd8 21. b4 cxb4 22. axb4 e4 23. Rf2 a5 24. bxa5 bxa5 25. g4 h6 26. g5 hxg5 27. fxg5 Qe5 28. Qa3 Nb4 29. Rb1 Rd3 30. Bf1 Rd6 31. Ra1 Rc5 32. Qa4 Bd7 33. Qb3 Nd3 34. Bxd3 Rxd3 35. Qb6 Rd6 36. Qa7 Kf8 37. Rb1 Ke7 38. Rb8 Rxc3 39. dxc3 Qxc3 40. Rg8 Qe1+ 41. Kg2 1-0


[Site "https://www.chess.com"]

[Event "Titled Tuesday Blitz July 18 Late 2023"]
[White "Fernandez Siles, Luis"]
[Black "MFatigue"]
[WhiteFideId "2209420"]
[WhiteElo "2306"]
[BlackElo "2529"]
[Result "0-1"]
[Round "3"]
[TimeControl "180+2"]
[Date "2023.07.18"]
[WhiteClock "0:00:00"]
[BlackClock "0:00:13"]
[Board "120"]

1. e4 e6 2. d4 d5 3. Nd2 Nf6 4. Bd3 c5 5. c3 Nc6 6. Ngf3 dxe4 7. Nxe4 cxd4 8. cxd4 Be7 9. O-O Nd5 10. a3 a5 11. Re1 Qb6 12. Bc4 O-O 13. Bxd5 exd5 14. Nc3 Be6 15. Na4 Qb5 16. Nc3 Qa6 17. Bg5 Bd6 18. Ne5 b5 19. Rc1 Rac8 20. Nxc6 Rxc6 21. Qf3 Rc4 22. Nxd5 Rxd4 23. Nc3 b4 24. axb4 Bxb4 25. Qg3 Rg4 26. Qe3 h6 27. Bf4 Qc4 28. Ne4 Qb3 29. Red1 Qxe3 30. fxe3 Re8 31. Nf2 Rg6 32. Bd6 Bb3 33. Rd3 Rxd6 34. Rxb3 Rd2 35. Kf1 g6 36. e4 Kg7 37. Rd3 Rxb2 38. Rc7 Re7 39. Rxe7 Bxe7 40. Rd7 Bb4 41. Nd3 Rb1+ 42. Ke2 Bc3 43. Rc7 Bd4 44. Rc4 Bf6 45. e5 Bg5 46. Rc7 Kg8 0-1


[Site "https://www.chess.com"]

[Event "Titled Tuesday Blitz July 18 Late 2023"]
[White "Miguelitro69"]
[Black "Zhang, Derek"]
[BlackFideId "2087871"]
[WhiteElo "2305"]
[BlackElo "2528"]
[Result "0-1"]
[Round "3"]
[TimeControl "180+2"]
[Date "2023.07.18"]
[WhiteClock "0:00:19"]
[BlackClock "0:00:14"]
[Board "121"]

1. e4 e6 2. Qe2 Ne7 3. Nf3 d5 4. d3 Nbc6 5. g3 b6 6. Bg2 Bb7 7. O-O Qd7 8. Rd1 g6 9. c3 Bg7 10. e5 Nd8 11. d4 c5 12. dxc5 bxc5 13. Na3 O-O 14. Bg5 Ndc6 15. Bf6 Kh8 16. Qe3 Ng8 17. Bxg7+ Kxg7 18. Qxc5 Rfc8 19. Qe3 Rab8 20. Rd2 Ba6 21. h4 Na5 22. Nd4 Nc6 23. h5 Nxd4 24. Qxd4 Qe7 25. Qf4 Rb6 26. Re1 Rcb8 27. b4 Rc8 28. Re3 Rbc6 29. Qf3 R6c7 30. Nc2 Bc4 31. Nd4 a5 32. a3 axb4 33. cxb4 Ba6 34. hxg6 Rc1+ 35. Kh2 hxg6 36. Bh3 Nh6 37. Rd1 Rxd1 38. Qxd1 Nf5 39. Bxf5 gxf5 40. Kg2 Bc4 41. Nf3 Rh8 42. Nh4 Qg5 43. Qf3 Rxh4 44. b5 Bxb5 45. Re1 Re4 46. Rxe4 fxe4 47. Qb3 Be2 48. Qe3 Bf3+ 49. Kf1 Qxe3 50. fxe3 Bd1 51. Ke1 Ba4 52. Kd2 Kg6 53. Kc3 Kf5 54. Kb4 Bd1 55. Kc5 Kxe5 56. Kb4 d4 57. a4 Bxa4 58. Kxa4 dxe3 59. Kb3 e2 60. Kc2 e1=Q 0-1


[Site "https://www.chess.com"]

[Event "Titled Tuesday Blitz July 18 Late 2023"]
[White "Vujacic, Igor"]
[Black "Martinez Reyes, Pedro Ramon"]
[WhiteFideId "932620"]
[BlackFideId "3901807"]
[WhiteElo "2300"]
[BlackElo "2527"]
[Result "1-0"]
[Round "3"]
[TimeControl "180+2"]
[Date "2023.07.18"]
[WhiteClock "0:00:07"]
[BlackClock "0:00:31"]
[Board "122"]

1. d4 c5 2. d5 e5 3. Nc3 d6 4. e4 a6 5. a4 Nf6 6. h3 Nbd7 7. Nf3 Be7 8. Nd2 Nf8 9. Nc4 Ng6 10. Be3 Nd7 11. a5 O-O 12. Be2 Rb8 13. Na4 Nf4 14. Bf3 Nf6 15. Qd2 Ng6 16. h4 h5 17. Bg5 Ng4 18. Nab6 f6 19. Be3 Bd7 20. Nxd7 Qxd7 21. Qe2 Nxe3 22. Nxe3 Nf4 23. Qd1 Qb5 24. g3 Ng6 25. Bxh5 Qb4+ 26. c3 Qxe4 27. Bf3 f5 28. Bxe4 fxe4 29. Qg4 Nh8 30. Qe6+ Rf7 31. Nf5 Kf8 32. Ra4 Rd8 33. Rxe4 g6 34. Ne3 Rf6 35. Qg4 Nf7 36. O-O Nh6 37. Qh3 Rf7 38. f4 Bf6 39. fxe5 dxe5 40. Qe6 Ng8 41. Ng4 Re8 42. Qd6+ Be7 43. Qxg6 Rxf1+ 44. Kxf1 c4 45. Nxe5 Nf6 46. Qf7# 1-0


[Site "https://www.chess.com"]

[Event "Titled Tuesday Blitz July 18 Late 2023"]
[White "Graif, William"]
[Black "Spichkin, Alexander"]
[WhiteFideId "2609835"]
[BlackFideId "4144074"]
[WhiteElo "2527"]
[BlackElo "2298"]
[Result "0-1"]
[Round "3"]
[TimeControl "180+2"]
[Date "2023.07.18"]
[WhiteClock "0:00:08"]
[BlackClock "0:01:49"]
[Board "123"]

1. e4 e5 2. Nf3 d5 3. exd5 e4 4. Qe2 Nf6 5. d3 Bb4+ 6. c3 O-O 7. dxe4 Bc5 8. Bg5 c6 9. Nbd2 cxd5 10. e5 Re8 11. Nb3 Bb6 12. O-O-O Nc6 13. Bxf6 gxf6 14. Qd2 fxe5 15. Qh6 Re6 16. Qh5 Qf6 17. Rxd5 Qf4+ 18. Nbd2 Rg6 19. Bd3 Bg4 20. Qh4 Rh6 21. Qg5+ Qxg5 22. Nxg5 Bxf2 23. Rf1 Be3 24. Nxh7 f5 25. Bxf5 Bxf5 26. Rxf5 Rxh7 27. Rd3 Bf4 28. g3 Bxd2+ 29. Kxd2 Rf8 30. Rxf8+ Kxf8 31. h4 Ke7 32. Ke3 Ke6 33. Ke4 Rg7 34. Kf3 Ne7 35. g4 Nd5 36. g5 Rf7+ 37. Kg4 Rf4+ 38. Kh5 Rf2 39. Kg6 Nf4+ 40. Kg7 Nxd3 41. h5 Nf4 42. h6 Rh2 43. g6 e4 44. h7 Nxg6 45. Kxg6 e3 46. Kg7 e2 47. h8=Q Rxh8 48. Kxh8 e1=Q 0-1


[Site "https://www.chess.com"]

[Event "Titled Tuesday Blitz July 18 Late 2023"]
[White "Estrada Nieto, Julian"]
[Black "Gertler, David"]
[WhiteFideId "5101018"]
[BlackFideId "2017377"]
[WhiteElo "2525"]
[BlackElo "2295"]
[Result "1-0"]
[Round "3"]
[TimeControl "180+2"]
[Date "2023.07.18"]
[WhiteClock "0:00:23"]
[BlackClock "0:00:00"]
[Board "124"]

1. e4 e5 2. Nf3 Nc6 3. Bb5 Bc5 4. c3 Qf6 5. d3 h6 6. O-O Nge7 7. Be3 Bb6 8. d4 O-O 9. Na3 a6 10. Be2 Ba7 11. Nc4 d6 12. dxe5 dxe5 13. Bxa7 Rxa7 14. Ne3 Rd8 15. Qc2 Ra8 16. Rad1 Be6 17. Bc4 Bxc4 18. Nxc4 Ng6 19. Rxd8+ Rxd8 20. Rd1 Rxd1+ 21. Qxd1 Nf4 22. Ne3 Qg6 23. Nd2 Qe6 24. b3 Qd7 25. g3 Nh3+ 26. Kg2 Ng5 27. h4 Ne6 28. Nf3 Qxd1 29. Nxd1 Nc5 30. Nd2 Nd3 31. Kf3 b5 32. Ke3 Nc5 33. Nb2 f6 34. Nd3 Ne6 35. f4 exf4+ 36. gxf4 Kf7 37. Nf3 Ned8 38. f5 Nb7 39. Nf4 Ne7 40. Nd4 c5 41. Nde6 Nc6 42. Nd5 1-0


[Site "https://www.chess.com"]

[Event "Titled Tuesday Blitz July 18 Late 2023"]
[White "Santos, Rafael Ventura Dos"]
[Black "Salazar Farias, Luis German"]
[WhiteFideId "2122227"]
[BlackFideId "3902170"]
[WhiteElo "2298"]
[BlackElo "2524"]
[Result "0-1"]
[Round "3"]
[TimeControl "180+2"]
[Date "2023.07.18"]
[WhiteClock "0:00:07"]
[BlackClock "0:00:15"]
[Board "125"]

1. e4 c6 2. d4 d5 3. e5 c5 4. dxc5 e6 5. a3 Bxc5 6. b4 Be7 7. c4 Nc6 8. Nf3 dxc4 9. Qxd8+ Bxd8 10. Bxc4 Bc7 11. Bb2 Nge7 12. b5 Na5 13. Ba2 Ng6 14. O-O Bd7 15. a4 a6 16. Na3 O-O 17. Rac1 Rfc8 18. Rfd1 Be8 19. g3 Bd8 20. h4 Be7 21. h5 Nf8 22. Nc4 axb5 23. Nb6 Rxc1 24. Rxc1 Ra6 25. Bd4 Nc6 26. axb5 Rxa2 27. bxc6 Bxc6 28. Ne1 h6 29. Nd3 Nh7 30. Bc5 Bxc5 31. Nxc5 Ng5 32. Ncd7 Nh3+ 33. Kh2 Nxf2 34. g4 Nxg4+ 35. Kg3 Ne3 36. Rc3 Nf5+ 37. Kf4 Rf2+ 38. Kg4 Rg2+ 39. Kf4 Rh2 40. Nc5 Rh4# 0-1


[Site "https://www.chess.com"]

[Event "Titled Tuesday Blitz July 18 Late 2023"]
[White "ArtemDyachuk"]
[Black "Vaglio Munoz, Jaime"]
[BlackFideId "6500145"]
[WhiteElo "2521"]
[BlackElo "2289"]
[Result "1-0"]
[Round "3"]
[TimeControl "180+2"]
[Date "2023.07.18"]
[WhiteClock "0:01:26"]
[BlackClock "0:01:21"]
[Board "126"]

1. e4 c5 2. Nf3 Qa5 3. Nc3 a6 4. d4 b5 5. dxc5 e6 6. Bd2 b4 7. Ne2 Bxc5 8. Nc1 Qb6 9. Nd3 Be7 10. Be2 Bb7 11. Be3 Qc7 12. Bf4 Qa5 13. e5 Nc6 14. O-O h6 15. a3 bxa3 16. bxa3 g5 17. Bg3 h5 18. h4 g4 19. Nd2 Nh6 20. Nc4 Qc7 21. Nd6+ Bxd6 22. exd6 Qd8 23. Rb1 Rb8 24. Qd2 Nf5 25. Nc5 Ba8 26. Nxa6 Rxb1 27. Rxb1 Nxg3 28. fxg3 Kf8 29. Nc7 Qe8 30. Nxe8 Kxe8 31. Qg5 Rf8 32. Qe7+ Nxe7 33. Rb8+ 1-0


[Site "https://www.chess.com"]

[Event "Titled Tuesday Blitz July 18 Late 2023"]
[White "Freile Martin, Javier"]
[Black "Golubovskis, Maksims"]
[WhiteFideId "3600165"]
[BlackFideId "11608528"]
[WhiteElo "2280"]
[BlackElo "2518"]
[Result "1-0"]
[Round "3"]
[TimeControl "180+2"]
[Date "2023.07.18"]
[WhiteClock "0:00:01"]
[BlackClock "0:00:00"]
[Board "127"]

1. c4 Nf6 2. Nc3 c5 3. Nf3 Nc6 4. e3 g6 5. d4 cxd4 6. exd4 d5 7. cxd5 Nxd5 8. Qb3 Nxc3 9. bxc3 Bg7 10. Be2 O-O 11. O-O b6 12. Re1 Bb7 13. Bf4 Rc8 14. Rac1 Na5 15. Qb1 Qd5 16. Bf1 e6 17. Be5 Bh6 18. Rc2 Nc4 19. Bxc4 Qxc4 20. h4 Bxf3 21. gxf3 Qd3 22. Qd1 Qf5 23. Re4 Rc4 24. Kg2 Rfc8 25. Qd3 b5 26. d5 exd5 27. Qxd5 R4c5 28. Qd4 b4 29. c4 a5 30. Bf6 a4 31. Rce2 Bf8 32. Re8 Rxc4 33. Rxf8+ Kxf8 34. Qd6+ Kg8 35. Re7 R4c6 36. Qxc6 h6 37. Re8+ Kh7 38. Qxc8 Qxf6 39. Rf8 b3 40. Qe8 Kg7 41. Rg8+ Kh7 42. axb3 axb3 43. Rf8 Kg7 44. Qb8 h5 45. Rh8 1-0


[Site "https://www.chess.com"]